 Dungeon Crawl Stone Soup version 0.32-a0-711-g016ad743e0 (webtiles) character file.

Game seed: 16746485630977754185

815 cojito the Trooper (level 7, 0/66 HPs)
             Began as a Mountain Dwarf Monk on Mar 15, 2024.
             Succumbed to a gnoll's poison
             ... on level 5 of the Dungeon.
             The game lasted 00:05:29 (3767 turns).

cojito the Trooper (Mountain Dwarf Monk)            Turns: 3767, Time: 00:05:30

Health: 0/66       AC: 16    Str: 16    XL:     7   Next: 62%
Magic:  7/7        EV:  7    Int: 10    God:
Gold:   201        SH:  0    Dex: 12    Spells: 6/6 levels left

rFire   + . .        g - +3 whip (venom)
rCold   + . .        d - orb {light}
rNeg    . . .        e - +0 chain mail
rPois   +            q - +2 hat
rElec   +            l - +0 cloak
rCorr   +            v - +0 pair of gloves
SInv    +            (no boots)
Will    .....        (no amulet) Stlth
                     i - ring of see invisible
HPRegen 0.31/turn    (no ring)
MPRegen 0.10/turn

%: no passive effects
@: lethally poisoned (0 -> -1), about to teleport, resistant, attractive,
glowing
A: runic magic, artefact enchanting, iridescent scales 1
a: no special abilities


You were on level 5 of the Dungeon.
You visited 1 branch of the dungeon, and saw 5 of its levels.

You collected 201 gold pieces.

Inventory:

Hand Weapons
 a - a +0 hand axe
 g - a +3 whip of venom (weapon)
Armour
 c - a +0 leather armour of fire resistance
 d - an orb of light (worn)
 e - a +0 chain mail (worn)
 l - a +0 cloak (worn)
 q - a +2 hat (worn)
 v - a +0 pair of gloves (worn)
Jewellery
 i - a ring of see invisible (left hand)
Wands
 p - a wand of charming (9)
Scrolls
 b - a scroll of identify {unknown}
 j - a scroll of enchant armour
 o - a scroll of vulnerability {unknown}
 r - a scroll of noise {unknown}
 u - a scroll of amnesia {unknown}
Potions
 f - a potion of attraction
 m - 5 potions of haste


   Skills:
 * Level 7.4 Fighting
 - Level 4.1(5.0) Axes
 + Level 4.4(5.2) Maces & Flails
 + Level 4.4 Armour
 - Level 2.1 Dodging
 + Level 0.7 Evocations


You had 6 spell levels left.
You didn't know any spells.
Your spell library contained the following spells:

 Spells                   Type           Power      Damage    Failure   Level
 Freeze                   Ice            0%         1d3       56%         1
 Magic Dart               Conj           0%         1d3       56%         1
 Slow                     Hex            0%         N/A       56%         1
 Blink                    Tloc           0%         N/A       71%         2
 Call Imp                 Summ           0%         N/A       71%         2
 Confusing Touch          Hex            0%         N/A       90%         3
 Frozen Ramparts          Ice            0%         1d1       90%         3
 Hailstorm                Conj/Ice       0%         3d5       90%         3
 Vampiric Draining        Necr           0%         2d6       90%         3


Dungeon Overview and Level Annotations

Branches:
Dungeon (5/15)
 Temple: D:4-7

Altars:


Innate Abilities, Weirdness & Mutations

Your spellcasting is much less encumbered by armour.
You can use scrolls of enchantment on lesser artefacts.
You are partially covered in iridescent scales. (AC +2)


Message History

It was a potion of resistance.
You feel protected.
* * * LOW HITPOINT WARNING * * *
You feel sick. The orc closely misses you.
It was a potion of mutation.
You feel extremely strange.
Iridescent scales grow over part of your body.
* * * LOW HITPOINT WARNING * * *
You feel sick. The orc hits you with a +0 morningstar.
* * * LOW HITPOINT WARNING * * *
Okay, then.
Okay, then.
Unknown command.
Okay, then.
As you read the scroll labelled TAIROU NATEUSM, it crumbles to dust.
The creatures around you are filled with an inner flame!
It was a scroll of immolation.
* * * LOW HITPOINT WARNING * * *
You feel sick. The orc hits you but does no damage.
Blink to where?
Press: ? - help, Dir - move target
As you read the scroll of blinking, it crumbles to dust.
* * * LOW HITPOINT WARNING * * *
You feel sick. The orc is attracted toward you.
The centaur is attracted toward you.
As you read the scroll labelled POCEJI EMEYS, it crumbles to dust.
It is a scroll of enchant weapon.
Your +2 whip of venom glows red for a moment.
* * * LOW HITPOINT WARNING * * *
You feel sick. The orc barely misses you.
As you read the scroll labelled GEJIAQOTHE, it crumbles to dust.
You feel strangely unstable.
It was a scroll of teleportation.
* * * LOW HITPOINT WARNING * * *
You feel sick. The orc barely misses you.
Blink to where?
Press: ? - help, Dir - move target
As you read the scroll of blinking, it crumbles to dust.
* * * LOW HITPOINT WARNING * * *
You feel sick. The orc is attracted toward you.
The centaur is attracted toward you.
You die...

#...##.# ###..#.# ###
##...##### #..
#>...g..######.#
#######)#...##.#
#g.g##..##.#
#>####..##.#
##########c#........#
#...@.oc.o.#.########
#.##########.# #
#...##.......#
####.##.#######
#.......# #.###.###
#...#.# ###.#.# #...#


You could see a centaur (inner flame) and an orc (inner flame).

Vanquished Creatures
  A water moccasin (D:5)
  An ice beast (D:5)
  Pargi (D:4)
  An ogre (D:4)
  2 scorpions
  2 bombardier beetles
  Crazy Yiuf (D:4)
  An orc priest (D:4)
  A sleepcap (D:5)
  7 adders
  2 gnolls
  A white imp (D:3)
  2 ribbon worms
  5 orcs
  7 ball pythons
  8 bats
  5 endoplasms
  4 giant cockroaches
  7 goblins
  4 hobgoblins
  4 jackals (D:1)
  3 quokkas
  2 frilled lizards (D:1)
  7 kobolds
  4 rats
83 creatures vanquished.

Notes
Turn   | Place    | Note
-------+----------+-------------------------------------------
     0 | D:1      | cojito the Mountain Dwarf Monk began the quest for the Orb.
     0 | D:1      | Reached XP level 1. HP: 19/19 MP: 1/1
   120 | D:1      | Reached XP level 2. HP: 25/26 MP: 2/2
   271 | D:1      | Reached skill level 1 in Armour
   473 | D:1      | Reached skill level 4 in Fighting
   473 | D:1      | Reached XP level 3. HP: 28/33 MP: 3/3
  1247 | D:2      | You fall into a shaft and drop 1 floor!
  1257 | D:3      | Reached XP level 4. HP: 29/41 MP: 4/4
  1399 | D:3      | Reached skill level 1 in Maces & Flails
  1974 | D:3      | Reached skill level 5 in Fighting
  1998 | D:3      | Reached XP level 5. HP: 34/48 MP: 5/5
  2808 | D:4      | Noticed Pargi
  2825 | D:4      | Killed Pargi
  2846 | D:4      | Found a runed translucent door.
  2847 | D:4      | Noticed Crazy Yiuf
  2913 | D:4      | Noticed an ogre
  2923 | D:4      | Reached XP level 6. HP: 57/57 MP: 6/6
  2926 | D:4      | Reached skill level 6 in Fighting
  3292 | D:4      | Killed Crazy Yiuf
  3329 | D:5      | Entered Level 5 of the Dungeon
  3331 | D:5      | Noticed an ice beast
  3331 | D:5      | Noticed a water moccasin
  3345 | D:5      | Killed a water moccasin
  3346 | D:5      | Reached XP level 7. HP: 39/64 MP: 7/7
  3357 | D:5      | Reached skill level 7 in Fighting
  3761 | D:5      | Gained mutation: You are partially covered in iridescent
                  | scales. (AC +2) [potion of mutation]
  3763 | D:5      | HP: 3/66 [poisoned by a gnoll]
  3766 | D:5      | HP: 1/66 [poisoned by a gnoll]
  3767 | D:5      | Succumbed to a gnoll's poison

Illustrated notes

Levels and vault maps discovered:
D:1:      reono_arrival_forest_river, layout_loops_cross, grunt_decor_junction,
          minmay_tetromino_t2
D:2:      layout_basic
D:3:      layout_basic
D:4:      layout_basic, serial_bayou_pond_b, moated_statue,
          nicolae_figureground_pulse, uniq_pargi, uniq_crazy_yiuf_cottage
D:5:      layout_basic, minmay_temple_entry_grid

Skill      XL: |  1  2  3  4  5  6  7 |
---------------+----------------------+-----
Armour         | 1 2 3 4 |  4.4
Axes           | 4 |  4.1
Fighting       | 4 5 6 7 |  7.4
Maces & Flails | 1 2 3 4 |  4.4
Dodging        | |  2.1
Evocations     | |  0.7

Action                     |  1- 3 |  4- 6 |  7- 9 || total
---------------------------+-------+-------+-------++-------
  Melee: Hand axe          |    55 |       |       ||    55
         Whip              |    44 |   117 |    31 ||   192
    Use: Potion            |       |     5 |     3 ||     8
         Scroll            |       |     2 |     5 ||     7
 Armour: Robe              |    14 |       |       ||    14
         Chain mail        |   107 |   106 |    24 ||   237
  Dodge: Dodged            |    49 |    38 |    15 ||   102

Table legend: (Time is in decaauts)
 A = Elapsed time spent in this place.
 B = Non-inter-level travel time spent in this place.
 C = Inter-level travel time spent in this place.
 D = Time resting spent in this place.
 E = Time spent auto-exploring this place.
 F = Levels seen in this place.
 G = Mean time per level.
                   A        B        C        D        E       F      G
               +--------+--------+--------+--------+--------+-----+--------+
         Total |   3769 |   3498 |    271 |    485 |   2102 |   5 |  753.8 |
       Dungeon |   3769 |   3498 |    271 |    485 |   2102 |   5 |  753.8 |
               +--------+--------+--------+--------+--------+-----+--------+

Top non-repeatable levels by time:
     D:3: 1190 daAuts
     D:1: 838 daAuts
     D:4: 773 daAuts
     D:2: 534 daAuts
     D:5: 432 daAuts
